 Dungeon Crawl Stone Soup version 0.26-a0-259-g1effd001a9 (webtiles) character file.

Game seed: 13223288139803023605

44308 Killmatronix the Destroyer (level 13, -1/114 HPs)
             Began as a Centaur Fire Elementalist on July 16, 2020.
             Was an Initiate of Gozag.
             Slain by an orc knight
             ... wielding a +1 long sword
              (16 damage)
             ... while paralysed by an orc sorcerer
             ... on level 1 of the Orcish Mines on July 20, 2020.
             The game lasted 02:22:15 (41889 turns).

Killmatronix the Destroyer (CeFE)                  Turns: 41889, Time: 02:22:16

Health: -1/114     AC: 10    Str: 15    XL:     13   Next: 95%
Magic:  14/22      EV:  1    Int: 18    God:    Gozag
Gold:   5208       SH:  0    Dex:  9    Spells: 11/24 levels left

rFire    + . .     SeeInvis +   a - +2 spear (flame)
rCold    + . .     Faith    .   q - +0 kite shield
rNeg     . . .     Spirit   .   U - +2 robe {rC+ rF+}
rPois    +         Reflect  .   (helmet restricted)
rElec    .         Harm     .   X - +1 cloak {rPois}
rCorr    .                      H - +1 pair of gloves
MR       .....                  (no barding)
Stlth    +.........             o - amulet of the acrobat
HPRegen  0.29/turn              h - ring of see invisible
MPRegen  0.18/turn              E - +4 ring of slaying

@: paralysed, very quick
A: large, hooves 3, horns 1, deformed body, speed 2, strong 1, tough skin 3
a: Potion Petition, Call Merchant, Bribe Branch, Renounce Religion


You were on level 1 of the Orcish Mines.
You worshipped Gozag.
Gozag was greatly pleased with you.
You were not hungry.

You visited 4 branches of the dungeon, and saw 21 of its levels.

You collected 5349 gold pieces.
You paid 141 gold pieces to Gozag.

Inventory:

Hand Weapons
 a - a +2 spear of flaming (weapon)
Missiles
 i - 20 boomerangs
 u - 22 poisoned darts (quivered)
 v - 5 curare-tipped darts
 y - 11 silver javelins
 W - 3 silver boomerangs
Armour
 q - a +0 kite shield (worn)
 H - a +1 pair of gloves (worn)
 T - a +0 tower shield
 U - a +2 robe of resistance (worn)
 X - a +1 cloak of poison resistance (worn)
Jewellery
 f - an uncursed ring of protection from fire
 h - a ring of see invisible (left hand)
 o - an amulet of the acrobat (around neck)
 C - an uncursed ring of flight
 E - a +4 ring of slaying (right hand)
 G - an uncursed ring of protection from fire
 J - an uncursed ring of protection from cold
 O - an uncursed ring of protection from magic
 R - a +4 ring of protection
Wands
 k - a wand of polymorph (23)
 x - a wand of iceblast (26)
 F - a wand of clouds (9)
 L - a wand of enslavement (18)
 N - a wand of disintegration (18)
Scrolls
 e - 7 scrolls of fog
 j - 3 scrolls of identify
 l - 3 scrolls of enchant armour
 r - 8 scrolls of remove curse
 w - 4 scrolls of amnesia
 I - 2 scrolls of blinking
 K - 4 scrolls of teleportation
 Q - 2 scrolls of immolation
 S - 2 scrolls of magic mapping
Potions
 b - 2 potions of ambrosia
 d - 2 potions of flight
 g - 3 potions of invisibility
 m - 6 potions of heal wounds
 p - 7 potions of berserk rage
 s - 8 potions of brilliance
 z - 2 potions of might
 A - 2 potions of cancellation
 B - 2 potions of stabbing
 M - 2 potions of mutation
 P - 2 potions of haste
 V - 2 potions of curing
Miscellaneous
 t - a lightning rod (4/4)
 D - a tin of tremorstones (3/3)
Comestibles
 c - 26 rations


   Skills:
 + Level 10.5 Fighting
 - Level 1.3 Dodging
 - Level 1.1 Stealth
 - Level 9.0 Shields
 - Level 6.0 Spellcasting
 - Level 12.0 Conjurations
 - Level 12.0 Fire Magic


You had 11 spell levels left.
You knew the following spells:

 Your Spells              Type           Power        Failure   Level
a - Foxfire               Conj/Fire      ####         1%          1
b - Conjure Flame         Conj/Fire      #####...     1%          3
c - Fireball              Conj/Fire      #####.....   2%          5
d - Sticky Flame          Conj/Fire      #####...     1%          4

Your spell library contained the following spells:

 Spells                   Type           Power        Failure   Level
 Inner Flame              Hex/Fire       ####....     3%          3
 Confusing Touch          Hex            #.......     34%         3
 Gell's Gravitas          Tloc           #.........   34%         3
 Petrify                  Tmut/Erth      #.......     75%         4
 Metabolic Englaciation   Hex/Ice        #.........   97%         5
 Yara's Violent Unravell  Hex/Tmut       #.........   97%         5


Dungeon Overview and Level Annotations

Branches:
Dungeon (12/15)            Temple (1/1) D:7            Lair (6/6) D:8
  Swamp (0/4) Lair:3       Spider (0/4) Lair:4        Slime (0/5) Lair:6
    Orc (2/2) D:11
    Elf: Orc:2

Altars:
Ashenzari
Cheibriados
Dithmenos
Elyvilon
Fedhas
Gozag
Hepliaklqana
Kikubaaqudgha
Makhleb
Nemelex Xobeh
Okawaru
Qazlal
Ru
Sif Muna
Trog
Uskayaw
Vehumet
Wu Jian
Xom
Yredelemnul
Zin
The Shining One
Beogh

Shops:
D:6 [   Orc:1 (

Annotations:
D:4 3 runed translucent doors, Apogee's ghost, amateur HOFi; EnegeticOcto's ghost, amateur DDFi; blahblahblah's ghost, amateur GnTm; sobakacece's ghost, weakling SpEn; tilp's ghost, amateur SpEn
D:12 Azrael, Azrael
Lair:4 1 runed translucent door
Lair:6 Fire Dragon


Innate Abilities, Weirdness & Mutations

You have hooves in place of feet.
Armour fits poorly on your strangely shaped body.
You cover ground very quickly.
You have extremely tough skin. (AC +3)
You have a pair of small horns on your head.
Your muscles are strong. (Str +2)


Message History

You suddenly lose the ability to move!
The orc sorcerer burns!
The orc sorcerer hits you but does no damage.
The orc knight hits you with a +1 long sword!
The orc sorcerer no longer looks unusually strong.
The orc sorcerer burns!
The orc sorcerer casts a spell.
The orc knight roars a battlecry!
The orc sorcerer goes into a battle-frenzy!
The orc sorcerer burns!
The orc sorcerer mumbles some strange words.
The orc knight hits you with a +1 long sword!!
* * * LOW HITPOINT WARNING * * *
The orange demon barely misses you.
The orange demon hits you but does no damage.
The orc sorcerer burns!
The orc sorcerer hits you with a +0 dagger.
* * * LOW HITPOINT WARNING * * *
The orc knight hits you with a +1 long sword!
You die...
Your body crumbles into a pile of gold.

##
#..........###....##
####.........###.....#
..##.........##......#
.###..........#....#.#
.........#....#...####
........##.#..[[...#
......######..)))[##
......## #...oo>#
.......## ##.3.@##
........# #..4##
........# #####
.###....#### .#
#.....#.##
.####.......#
..#......####
..#......# .........#


You could see an orc knight, an orange demon (summoned), a neqoxec (summoned)
and an orc sorcerer (strong, burning).

Vanquished Creatures
  2 hydras
  A centaur warrior (D:10)
  A catoblepas (Lair:4)
  3 two-headed ogres
  Nergalle (Lair:4)
  Urug (Lair:2)
  An unseen horror (D:11)
  A swamp dragon (Lair:6)
  An orb spider (Lair:4)
  2 orc knights
  2 wolf spiders (Lair:6)
  2 ugly things
  3 slime creatures (D:12)
  A shining eye (Lair:2)
  Maurice (D:12)
  A guardian serpent (Lair:6)
  Psyche (D:11)
  7 black mambas
  10 cane toads
  A centaur skeleton (D:10)
  A gargoyle (D:10)
  3 rime drakes
  3 komodo dragons
  5 trolls
  2 hornets (Lair:6)
  3 polar bears
  2 bog bodies (Lair:3)
  7 dream sheep (Lair:6)
  A blink frog (Lair:4)
  6 hippogriffs
  3 redbacks (Lair:6)
  14 yaks
  9 wyverns (Lair:6)
  2 fire elementals (D:12)
  2 steam dragons
  Grum (D:8)
  2 basilisks
  19 water moccasins
  3 swamp worms (Lair:3)
  3 acid dragons (Lair:6)
  A warg (Orc:1)
  7 porcupines
  20 orc warriors
  2 swamp drakes (Lair:6)
  2 sky beasts
  5 black bears
  4 ice beasts
  7 ogres
  3 phantoms
  9 centaurs
  10 wolves
  17 crocodiles
  Blork the orc (D:5)
  15 bullfrogs
  A water moccasin zombie (D:8)
  A water moccasin skeleton (D:8)
  16 killer bees
  6 wights
  3 electric eels
  6 bullfrog zombies
  A centaur zombie (D:8)
  12 hounds
  17 orc wizards
  14 orc priests
  A quasit (D:11)
  4 bullfrog skeletons
  9 jellies
  Terence (D:2)
  Jessica (D:3)
  Ijyb (D:3)
  4 worker ants
  Natasha (thrice) (D:3)
  13 iguanas
  4 hell rats (Lair:5)
  A killer bee zombie (D:8)
  3 hound zombies
  2 hound skeletons
  A worker ant zombie (D:5)
  Robin (D:2)
  13 adders
  4 shadow imps
  2 white imps
  5 oozes
  2 adder skeletons
  An adder zombie (D:10)
  4 worms
  3 dart slugs
  13 leopard geckos
  71 orcs
  5 bats
  6 giant cockroaches
  19 goblins
  12 hobgoblins
  8 jackals
  5 kobolds
  4 quokkas
  A ball python skeleton (D:3)
  6 frilled lizards
  A giant cockroach zombie (D:5)
  A jackal skeleton (D:8)
  A jackal zombie (D:5)
  2 leopard gecko skeletons
  A leopard gecko zombie (D:5)
  A quokka skeleton (D:9)
  A quokka zombie (D:5)
  11 rats
566 creatures vanquished.

Vanquished Creatures (others)
  An orc wizard (D:4)
  239 foxfires
  13 fungi
  25 plants
  13 toadstools (Lair:4)
291 creatures vanquished.

Grand Total: 857 creatures vanquished

Notes
Turn   | Place    | Note
-------+----------+-------------------------------------------
     0 | D:1      | Killmatronix the Centaur Fire Elementalist began the quest
                  | for the Orb.
     0 | D:1      | Reached XP level 1. HP: 14/14 MP: 3/3
    81 | D:1      | Reached skill level 1 in Conjurations
   224 | D:1      | Reached XP level 2. HP: 20/20 MP: 1/4
  1067 | D:2      | Reached XP level 3. HP: 25/27 MP: 3/6
  1089 | D:2      | Learned a level 3 spell: Conjure Flame
  1396 | D:2      | Reached skill level 1 in Fighting
  1910 | D:2      | Reached XP level 4. HP: 26/35 MP: 7/7
  2016 | D:2      | Noticed Robin
  2478 | D:2      | Killed Robin
  2824 | D:2      | Noticed Terence
  2860 | D:2      | Killed Terence
  3020 | D:3      | Reached skill level 5 in Spellcasting
  3020 | D:3      | Reached XP level 5. HP: 11/40 MP: 2/13
  3040 | D:2      | Learned a level 5 spell: Fireball
  3293 | D:2      | Reached XP level 6. HP: 37/47 MP: 12/14
  3959 | D:3      | Noticed Jessica
  3964 | D:3      | Killed Jessica
  4971 | D:3      | Noticed Ijyb
  4991 | D:3      | Killed Ijyb
  5172 | D:3      | Noticed Natasha
  5179 | D:3      | Killed Natasha
  5383 | D:3      | Noticed Natasha
  5395 | D:3      | Killed Natasha
  5468 | D:3      | Noticed Natasha
  5474 | D:3      | Killed Natasha
  6349 | D:4      | Learned a level 4 spell: Sticky Flame
  6448 | D:4      | Reached XP level 7. HP: 50/55 MP: 11/15
  6625 | D:4      | Found a runed translucent gate.
  6625 | D:4      | Found a runed translucent gate.
  6625 | D:4      | Found a runed translucent gate.
  6625 | D:4      | Noticed blahblahblah's ghost (amateur GnTm)
  6625 | D:4      | Noticed tilp's ghost (amateur SpEn)
  6626 | D:4      | Noticed Apogee's ghost (amateur HOFi)
  6627 | D:4      | Noticed EnegeticOcto's ghost (amateur DDFi)
  6641 | D:4      | Reached XP level 8. HP: 61/61 MP: 16/16
  7730 | D:4      | Noticed sobakacece's ghost (weakling SpEn)
  7781 | D:5      | Entered Level 5 of the Dungeon
  7948 | D:5      | Noticed Blork the orc
  7953 | D:5      | Killed Blork the orc
  8132 | D:5      | Reached skill level 10 in Fire Magic
  8766 | D:4      | Reached skill level 1 in Shields
  8766 | D:4      | Reached XP level 9. HP: 28/68 MP: 4/17
  9579 | D:6      | Found Fosagak's Antique Armour Shop.
 10421 | D:6      | Found a shimmering altar of Xom.
 10894 | D:6      | Found Fosagak's Antique Armour Shop.
 10987 | D:6      | Found a shimmering altar of Xom.
 11525 | D:7      | Found a staircase to the Ecumenical Temple.
 11530 | Temple   | Entered the Ecumenical Temple
 11786 | Temple   | Became a worshipper of Gozag Ym Sagoz the Greedy
 11861 | D:7      | Reached skill level 10 in Conjurations
 12760 | D:8      | Found a staircase to the Lair.
 12760 | D:8      | Noticed a komodo dragon
 12860 | D:8      | Noticed a red ugly thing
 12920 | D:8      | Killed a red ugly thing
 13120 | D:8      | Killed a komodo dragon
 13120 | D:8      | Reached XP level 10. HP: 61/78 MP: 7/18
 13556 | D:8      | Noticed Grum
 13639 | D:8      | Killed Grum
 14891 | D:9      | Noticed a two-headed ogre
 14992 | D:9      | Killed a two-headed ogre
 14992 | D:9      | Reached skill level 5 in Fighting
 16123 | D:10     | Entered Level 10 of the Dungeon
 16230 | D:10     | Reached skill level 5 in Shields
 16382 | D:10     | Reached XP level 11. HP: 54/89 MP: 5/19
 16793 | D:10     | Noticed a centaur warrior
 16799 | D:10     | Killed a centaur warrior
 18421 | D:11     | Found a staircase to the Orcish Mines.
 18433 | D:11     | Got a smoking great mace
 18439 | D:11     | Identified the +1 great mace of Evisceration {vorpal, rF++
                  | Stlth-} (You found it on level 11 of the Dungeon)
 18592 | D:11     | Noticed an eight-headed hydra
 18684 | Lair:1   | Entered Level 1 of the Lair of Beasts
 20136 | Lair:2   | Noticed Urug
 20244 | Lair:2   | Killed Urug
 20777 | Lair:2   | Noticed Erica
 20902 | Lair:2   | Noticed Erica
 20902 | Lair:2   | Erica changed into Erica the shining eye
 20904 | Lair:2   | Gained mutation: Your magical capacity is low. (-10% MP)
                  | [Erica]
 20905 | Lair:2   | Gained mutation: You occasionally shout uncontrollably at
                  | your foes. [Erica]
 20908 | Lair:2   | Gained mutation: Scrolls take you a little longer to read.
                  | [Erica]
 20909 | Lair:2   | Killed Erica the shining eye
 20915 | Lair:2   | Lost mutation: Scrolls take you a little longer to read.
                  | [potion of mutation]
 20915 | Lair:2   | Lost mutation: Your magical capacity is low. (-10% MP)
                  | [potion of mutation]
 20915 | Lair:2   | Lost mutation: You occasionally shout uncontrollably at
                  | your foes. [potion of mutation]
 20915 | Lair:2   | Gained mutation: Your muscles are strong. (Str +2) [potion
                  | of mutation]
 20915 | Lair:2   | Gained mutation: You have a pair of small horns on your
                  | head. [potion of mutation]
 20915 | Lair:2   | Gained mutation: You are clumsy. (Dex -2) [potion of
                  | mutation]
 20915 | Lair:2   | Lost mutation: You are clumsy. (Dex -2) [potion of
                  | mutation]
 22797 | Lair:2   | Reached XP level 12. HP: 101/101 MP: 15/20
 23146 | Lair:3   | Found a staircase to the Swamp.
 23496 | Lair:4   | Noticed Nergalle
 24121 | Lair:4   | Killed Nergalle
 24631 | Lair:4   | Noticed a seven-headed hydra
 24671 | Lair:4   | Killed a seven-headed hydra
 24980 | Lair:4   | Noticed a catoblepas
 25001 | Lair:4   | Killed a catoblepas
 25410 | Lair:4   | Noticed a dire elephant
 25410 | Lair:4   | Noticed a catoblepas
 25432 | Lair:4   | Found a runed translucent door.
 25593 | Lair:4   | Found a hole to the Spider Nest.
 28006 | Lair:6   | Entered Level 6 of the Lair of Beasts
 29538 | Lair:6   | Reached XP level 13. HP: 19/111 MP: 14/22
 30792 | Lair:6   | Paralysed by a hornet for 1 turns
 32229 | Lair:6   | Found a staircase to the Slime Pits.
 33700 | Lair:6   | Noticed a fire dragon
 34280 | D:11     | Reached skill level 10 in Fighting
 34556 | D:11     | Noticed Psyche
 34562 | D:11     | Killed Psyche
 35881 | D:12     | Noticed Maurice
 35936 | D:12     | Killed Maurice
 36764 | D:12     | Noticed Azrael
 36863 | Orc:1    | Entered Level 1 of the Orcish Mines
 37293 | Orc:1    | Found a roughly hewn altar of Beogh.
 37590 | Orc:1    | Found Unyc's Weapon Emporium.
 38057 | Orc:2    | Entered Level 2 of the Orcish Mines
 41875 | Orc:2    | Paralysed by an orc sorcerer for 6 turns
 41885 | Orc:1    | Paralysed by an orc sorcerer for 5 turns
 41889 | Orc:1    | Slain by an orc knight

Illustrated notes

Levels and vault maps discovered:
D:1:      lightli_arrival_statue_moat, layout_loops_ring
D:2:      layout_loops_ring, first_ration, uniq_robin, uniq_terence
D:3:      layout_basic, uniq_natasha, uniq_ijyb, uniq_jessica
D:4:      layout_loops_ring, gammafunk_ghost_cemetery, serial_bayou_lagoon_a
D:5:      layout_loops_cross, serial_undead, serial_undead_f, serial_undead_d,
          serial_undead_b, serial_undead_c, serial_undead_a, serial_undead_f,
          uniq_blork_the_orc
D:6:      minmay_opposing_rooms, layout_gridville,
          lemuel_coloured_pillars_altar, serial_shops, nicolae_shop_stone
D:7:      layout_gridville, minmay_temple_entry_arrows
D:8:      layout_basic, david_lair_shrubbed, uniq_grum
D:9:      layout_loops_ring
D:10:     layout_gridville
D:11:     layout_basic, orc_0_dummy, uniq_psyche
D:12:     layout_stronghold, uniq_azrael, uniq_maurice
Temple:   regret_index_temple_sigil_plot
Lair:1:   layout_cave_pods
Lair:2:   wander_river, layout_cave_pods, serial_bayou_shore_b, uniq_urug,
          uniq_erica
Lair:3:   layout_chaotic_city, nicolae_swamp_entry_splash_gauntlet
Lair:4:   gammafunk_lair_enchanted_lake, layout_regular_city,
          nicolae_spider_entry_orb_guardian, uniq_nergalle
Lair:5:   lemuel_reptile_caves, layout_loops_ring, minivault_19,
          lemuel_old_faithful, lemuel_fruit_tree
Lair:6:   hangedman_lair_tendril_chambers, layout_cave_shapes,
          guppyfry_lair_end_dragon, nicolae_slime_entry_slimehenge
Orc:1:    layout_diamond_mine, serial_shops, nicolae_shop_crystal, mines1_david
Orc:2:    st_orc_rangers, layout_caves, guppyfry_orc_lava_fort

Skill      XL: |  1  2  3  4  5  6  7  8  9 10 11 12 13 |
---------------+----------------------------------------+-----
Conjurations   | 1 6 9 10 12 | 12.0
Fire Magic     | 3 6 7 9 10 12 | 12.0
Spellcasting   | 2 5 6 |  6.0
Fighting       | 1 2 3 5 7 9 10 | 10.5
Shields        | 1 2 5 8 9 |  9.0
Dodging        | |  1.3
Stealth        | |  1.1

Action                   |  1- 3 |  4- 6 |  7- 9 | 10-12 | 13-15 || total
-------------------------+-------+-------+-------+-------+-------++-------
Melee: Dagger            |    81 |    70 |       |       |       ||   151
       Kick              |    16 |    23 |    65 |   119 |    83 ||   306
       Spear             |       |   110 |   314 |   731 |   531 ||  1686
       Headbutt          |       |       |       |    51 |    54 ||   105
Throw: Dart              |       |     9 |     9 |    32 |    26 ||    76
       Javelin           |       |       |     5 |       |       ||     5
       Boomerang         |       |       |       |     2 |     3 ||     5
 Cast: Foxfire           |    47 |    69 |    10 |    16 |    16 ||   158
       Conjure Flame     |       |     1 |     1 |     6 |    23 ||    31
       Sticky Flame      |       |       |    27 |   119 |    65 ||   211
       Fireball          |       |       |     2 |    17 |    12 ||    31
 Abil: Evoke Flight      |       |       |       |     1 |     1 ||     2
Evoke: Wand              |       |       |       |     3 |       ||     3
  Use: Potion            |       |     2 |     1 |     4 |       ||     7
       Scroll            |       |     8 |     2 |    19 |     1 ||    30
 Stab: Sleeping          |       |     2 |       |       |       ||     2
       Distracted        |       |       |       |     4 |       ||     4
  Eat: Ration            |     1 |     3 |     5 |    13 |    10 ||    32
Armor: Robe              |    38 |    79 |   113 |   246 |   142 ||   618
Dodge: Dodged            |    39 |    75 |   129 |   275 |   203 ||   721
Block: Kite shield       |       |       |       |   198 |   278 ||   476

Table legend:
 A = Non-vault XP
 B = Vault XP
 C = Vault XP percentage of total XP
 D = Non-vault monster count
 E = Vault monster count
 F = Vault count percentage of total count
                 A         B        C        D         E       F
            +---------+---------+-------+---------+---------+-------
      Total |   35308 |   27013 |  43.3 |     397 |     170 |  30.0
            +---------+---------+-------+---------+---------+-------
        D:1 |      46 |       0 |   0.0 |      20 |       0 |   0.0
        D:2 |      75 |      76 |  50.3 |      30 |      13 |  30.2
        D:3 |     274 |     108 |  28.3 |      31 |       3 |   8.8
        D:4 |     543 |       0 |   0.0 |      30 |       0 |   0.0
        D:5 |     394 |     377 |  48.9 |      13 |      13 |  50.0
        D:6 |     404 |     386 |  48.9 |      11 |       8 |  42.1
        D:7 |     883 |       0 |   0.0 |      17 |       0 |   0.0
        D:8 |    2063 |     992 |  32.5 |      28 |       6 |  17.6
        D:9 |    2539 |       0 |   0.0 |      26 |       0 |   0.0
       D:10 |    3843 |       0 |   0.0 |      35 |       0 |   0.0
       D:11 |    3031 |     454 |  13.0 |      20 |       1 |   4.8
       D:12 |    5060 |     884 |  14.9 |      24 |       3 |  11.1
     Lair:1 |    1226 |       0 |   0.0 |       6 |       0 |   0.0
     Lair:2 |    3178 |    1337 |  29.6 |      20 |       2 |   9.1
     Lair:3 |    1252 |    1021 |  44.9 |       7 |       6 |  46.2
     Lair:4 |    3183 |    3351 |  51.3 |      11 |       7 |  38.9
     Lair:5 |    1120 |    1905 |  63.0 |       9 |      30 |  76.9
     Lair:6 |    3348 |   12966 |  79.5 |      13 |      56 |  81.2
      Orc:1 |    2451 |    1340 |  35.3 |      33 |       9 |  21.4
      Orc:2 |     395 |    1816 |  82.1 |      13 |      13 |  50.0
            +---------+---------+-------+---------+---------+-------
